 Dungeon Crawl Stone Soup version 0.26.1-11-gd32895ea62 (webtiles) character file.

Game seed: 13449403809417726839

21 Zeld the Grasshopper (level 2, -2/19 HPs)
             Began as an Octopode Warper on May 16, 2021.
             Slain by a leopard gecko (5 damage)
             ... on level 1 of the Dungeon.
             The game lasted 00:00:47 (734 turns).

Zeld the Grasshopper (Octopode Warper)               Turns: 734, Time: 00:00:48

Health: -2/19      AC:  1    Str: 10    XL:     2   Next: 87%
Magic:  5/5        EV: 13    Int: 15    God:
Gold:   12         SH:  0    Dex: 11    Spells: 5/5 levels left

rFire    . . .     SeeInvis .   a - +0 mace
rCold    . . .     Faith    .   (no shield)
rNeg     . . .     Spirit   .   (helmet restricted)
rPois    .         Reflect  .   (no amulet)
rElec    .         Harm     .   (no ring)
rCorr    .         Rampage  .   (no ring)
Will     .....                  (no ring)
Stlth    ++........             (no ring)
HPRegen  0.06/turn              (no ring)
MPRegen  0.09/turn              (no ring)
                                (no ring)
                                (no ring)

@: no status effects
A: almost no armour, stealthy swim, amphibious, 8 rings, constrict 8, camouflage
1, gelatinous body 1
a: no special abilities


You were on level 1 of the Dungeon.
You visited 1 branch of the dungeon, and saw 1 of its levels.

You collected 12 gold pieces.

Inventory:

Hand Weapons
 a - a +0 mace (weapon)
Missiles
 b - 5 boomerangs of dispersal (quivered)
Jewellery
 h - an uncursed ring of poison resistance {unknown}
Scrolls
 c - a scroll of blinking
 d - a scroll of noise {unknown}
 e - 2 scrolls of enchant armour {unknown}
 f - a scroll of amnesia {unknown}
 i - a scroll of identify {unknown}
 l - a scroll of teleportation {unknown}
Potions
 g - a potion of mutation {unknown}
 j - 2 potions of curing {unknown}
 k - a potion of cancellation {unknown}


   Skills:
 - Level 2.0 Fighting
 * Level 2.7 Maces & Flails
 - Level 1.0 Throwing
 - Level 2.3 Dodging
 + Level 2.3 Spellcasting
 + Level 3.2 Translocations


You had 5 spell levels left.
You didn't know any spells.
Your spell library contained the following spells:

 Spells                   Type           Power        Failure   Level
 Blink                    Tloc           N/A          9%          2
 Gell's Gravitas          Tloc           5%           17%         3
 Lesser Beckoning         Tloc           5%           17%         3
 Teleport Other           Tloc           11%          17%         3
 Passage of Golubria      Tloc           N/A          50%         4


Dungeon Overview and Level Annotations

Branches:
Dungeon (1/15)

Altars:


Innate Abilities, Weirdness & Mutations

You cannot wear most types of armour.
You are very stealthy in the water. (Stealth+)
You are amphibious.
You can wear up to eight rings at the same time.
You can use your tentacles to constrict eight enemies at once.
Your skin changes colour to match your surroundings (Stealth+).
Your rubbery body absorbs attacks. (AC +1, EV +1)


Message History

You see here a stone.
The jackal misses you. The jackal closely misses you.
You barely miss the jackal. Your grab misses the jackal.
Your squeeze misses the jackal. The jackal misses you. The jackal bites you.
* * * LOW HITPOINT WARNING * * *
You barely miss the jackal. Your grab misses the jackal.
The jackal bites you but does no damage.
The jackal closely misses you.
You hit the jackal. You grab the jackal. You squeeze the jackal.
You kill the jackal!
The leopard gecko hisses menacingly.
You sock the jackal!
You kill the jackal!
Press: ? - help, v - describe, . - travel The floor.
You closely miss the leopard gecko. You grab the leopard gecko.
You constrict the leopard gecko, but do no damage.
The leopard gecko closely misses you. The leopard gecko bites you.
You die...

#....# ##..## ##.##
#).# ##.##+# #.##.#
# #.##.# #....# ..
#..#.#####....# ...
##.#..l@....... ....
#...#####....###....
##..##### .........#
#..(...# ....>...#
##(....# #†......#
#>...†####.......#
###.(............#
#....).........#
#........#######


You could see a leopard gecko.

Vanquished Creatures
  4 bats (D:1)
  A giant cockroach (D:1)
  4 goblins (D:1)
  3 jackals (D:1)
  4 kobolds (D:1)
  A frilled lizard (D:1)
  A rat (D:1)
18 creatures vanquished.

Notes
Turn   | Place    | Note
-------+----------+-------------------------------------------
     0 | D:1      | Zeld the Octopode Warper began the quest for the Orb.
     0 | D:1      | Reached XP level 1. HP: 14/14 MP: 3/3
   293 | D:1      | Reached XP level 2. HP: 14/19 MP: 5/5
   734 | D:1      | Slain by a leopard gecko

Illustrated notes

Levels and vault maps discovered:
D:1:      ncdulo_smallfort, layout_basic

Action                   || total
-------------------------++-------
Melee: Mace              ||    36
       Constrict         ||     9
       Tentacles         ||     5
 Stab: Sleeping          ||     1
Armor: Skin              ||     5
Dodge: Dodged            ||    43
